 Dungeon Crawl Stone Soup version 0.32-a0-928-g1cae6b7ea0 (webtiles) character file.

Game seed: 2094914441182835944

37052 ParallaxScroll the Severer (level 13, -5/111 HPs)
             Began as a Mountain Dwarf Fighter on Apr 7, 2024.
             Was a High Priest of Makhleb.
             Killed by divine providence
             ... invoked by an orc high priest
              (14 damage)
             ... on level 2 of the Orcish Mines on Apr 12, 2024.
             The game lasted 02:16:14 (21787 turns).

ParallaxScroll the Severer (MDFi)                  Turns: 21787, Time: 02:16:15

Health: -5/111     AC: 14    Str: 24    XL:     13   Next: 56%
Magic:  0/24       EV: 10    Int:  9    God:    Makhleb [*****.]
Gold:   54         SH:  6    Dex:  9    Spells: 12/12 levels left

rFire   + . .        b - +2 war axe (heavy)
rCold   + . .        P - +2 buckler of Suus {Rampage rElec Regen+ Stlth+}
rNeg    . . .        Z - +2 ring mail {rC+}
rPois   +            (no helmet)
rElec   +            J - +0 cloak {Will+}
rCorr   .            C - +1 pair of gloves
SInv    +            y - +1 pair of boots of Impatience {rPois}
Will    ++...        M - amulet of guardian spirit
Stlth   +            S - ring of see invisible
HPRegen 1.18/turn    X - ring of protection from fire
MPRegen 0.19/turn

%: guardian spirit, rampage
@: no status effects
A: runic magic, artefact enchanting
a: Renounce Religion, Minor Destruction, Lesser Servant of Makhleb, Major
Destruction, Greater Servant of Makhleb


You were on level 2 of the Orcish Mines.
You worshipped Makhleb.
Makhleb was extremely pleased with you.
You visited 4 branches of the dungeon, and saw 20 of its levels.

You collected 1131 gold pieces.
You spent 1077 gold pieces at shops.

Inventory:

Hand Weapons
 a - a +2 demon trident of venom
 b - a +2 heavy war axe (weapon)
 c - a +7 heavy spear
 q - a +0 war axe
 R - a +2 hand axe of electrocution
Missiles
 i - 6 silver javelins
 r - 19 poisoned darts
 u - 3 curare-tipped darts (quivered)
 w - 4 atropa-tipped darts
 z - 9 boomerangs
 T - 4 throwing nets
Armour
 y - the +1 pair of boots of Impatience (worn) {rPois}
   (You found it on level 2 of the Lair of Beasts)

   rPois:     It protects you from poison.
 C - a +1 pair of gloves (worn)
 J - a +0 cloak of willpower (worn)
 P - the +2 buckler of Suus (worn) {Rampage rElec Regen+ Stlth+}
   (You bought it in a shop on level 3 of the Dungeon)

   rElec:     It insulates you from electricity.
   Regen+:    It increases your rate of health regeneration.
   Rampage:   It bestows one free step when moving towards enemies.
   Stlth+:    It makes you more stealthy.
 Z - a +2 ring mail of cold resistance (worn)
Magical Staves
 O - a staff of alchemy
Jewellery
 M - an amulet of guardian spirit (around neck)
 S - a ring of see invisible (left hand)
 X - a ring of protection from fire (right hand)
Wands
 x - a wand of mindburst (2)
 B - a wand of flame (19)
 I - a wand of polymorph (10)
 Y - a wand of paralysis (11)
Scrolls
 d - a scroll of blinking {unknown}
 g - 2 scrolls of fear
 n - a scroll of revelation
 o - 5 scrolls of poison
 p - 4 scrolls of torment
 v - 12 scrolls of teleportation
 A - 2 scrolls of enchant weapon {unknown}
 D - 2 scrolls of immolation {unknown}
 E - a scroll of amnesia {unknown}
 Q - 2 scrolls of noise {unknown}
 V - 3 scrolls of fog {unknown}
Potions
 e - 2 potions of mutation {unknown}
 f - 2 potions of curing
 h - 3 potions of haste
 j - a potion of heal wounds
 k - 2 potions of magic {unknown}
 m - 2 potions of ambrosia
 s - 2 potions of invisibility {unknown}
 t - 3 potions of lignification {unknown}
 F - 2 potions of cancellation {unknown}
 G - a potion of berserk rage {unknown}
 H - a potion of degeneration {unknown}
 K - a potion of resistance {unknown}
 L - 3 potions of enlightenment {unknown}
 N - a potion of might
 W - 2 potions of attraction


   Skills:
 - Level 9.0 Fighting
 - Level 16.0(17.7) Axes
 + Level 10.8(13.7) Polearms
 - Level 2.0 Throwing
 - Level 6.0 Armour
 - Level 3.0 Dodging
 - Level 3.2 Shields
 - Level 15.7 Invocations
 - Level 4.0 Evocations


You had 12 spell levels left.
You didn't know any spells.
Your spell library contained the following spells:

 Spells                   Type           Power      Damage    Failure   Level
 Ensorcelled Hibernation  Hex/Ice        0%         N/A       63%         2
 Call Canine Familiar     Summ           0%         N/A       85%         3
 Fugue of the Fallen      Necr           0%         N/A       85%         3
 Sigil of Binding         Hex            0%         N/A       85%         3
 Teleport Other           Tloc           0%         N/A       85%         3
 Anguish                  Hex/Necr       0%         N/A       99%         4
 Dimensional Bullseye     Hex/Tloc       0%         N/A       99%         4
 Passage of Golubria      Tloc           0%         N/A       99%         4
 Silence                  Hex/Air        0%         N/A       100%        5
 Dispersal                Tloc           0%         N/A       100%        6
 Gell's Gavotte           Tloc           0%         2d(11-16) 100%        6
 Haunt                    Necr/Summ      0%         N/A       100%        7
 Borgnjor's Revivificati  Necr           0%         N/A       100%        8
 Lehudib's Crystal Spear  Conj/Erth      0%         10d2      100%        8
 Death's Door             Necr           0%         N/A       100%        9


Dungeon Overview and Level Annotations

Branches:
Dungeon (13/15)            Temple (1/1) D:4            Lair (4/5) D:10
 Shoals (0/4) Lair:3        Snake (0/4) Lair:3          Orc (2/2) D:10
    Elf (0/3) Orc:2
  Slime: Lair:4-5    Vaults: D:13-14

Altars:
Ashenzari
Cheibriados
Dithmenos
Elyvilon
Fedhas
Gozag
Hepliaklqana
Kikubaaqudgha
Makhleb
Nemelex Xobeh
Okawaru
Qazlal
Ru
Sif Muna
Trog
Uskayaw
Vehumet
Wu Jian
Xom
Yredelemnul
Zin
The Shining One
Beogh

Shops:
D:1 ==(   D:3 [   D:4 =   D:6 [   Orc:2 :[

Annotations:
D:13 1 exclusion
Lair:2 exclusion: oklob plant
Lair:4 exclusion: upstairs, Rupert
Orc:1 1 runed translucent door, Meogie's ghost, journeyman MiBe


Innate Abilities, Weirdness & Mutations

Your spellcasting is much less encumbered by armour.
You can use scrolls of enchantment on lesser artefacts.


Message History

Your smoke demon hits the orc warlord but does no damage.
The orc warlord hits your smoke demon with a +1 great mace of holy wrath!!
Your smoke demon convulses!!
Your smoke demon dies!
Your smoke demon disappears in a puff of smoke!
The orc warlord shouts!
You barely miss the orc warlord.
The orc warlord is heavily wounded.
The orc warlord closely misses you.
A demon appears!
The orc warlord is no longer covered in acid.
The orc warlord hits you with a +1 great mace of holy wrath!
You slice the orc warlord!!
The orc warlord is severely wounded.
The orc warlord hits you with a +1 great mace of holy wrath!
Your ynoxinul gestures at the orc warlord.
The iron shot hits the orc warlord!
You catch the helpless orc warlord completely off-guard!
You slash the orc warlord!
The orc warlord is almost dead.
The orc warlord hits you with a +1 great mace of holy wrath!!
An orc high priest comes into view.
It is wielding a +0 war axe and wearing a +1 ring mail of cold resistance.
You barely miss the orc warlord.
The orc warlord is almost dead.
You slice the orc knight!!
The orc warlord hits you with a +1 great mace of holy wrath.
The orc knight hits you with a +0 war axe!
The orc knight hits your ynoxinul with a +0 war axe!!
Your ynoxinul hits the orc warlord but does no damage.
You slash the orc warlord!
The orc warlord is almost dead.
You hit the orc knight but do no damage.
The orc warlord hits you with a +1 great mace of holy wrath!!
* * * LOW HITPOINT WARNING * * *
The orc knight hits you with a +0 war axe!!
* * * LOW HITPOINT WARNING * * *
The orc knight completely misses your ynoxinul.
The orc high priest calls down the wrath of Beogh upon you.
Beogh smites you!
You die...

............................
#.....[#............#.......
##...................<.(....
.........................P.P
..........#...........o.....
).)...#.....................
..................[.........
................3o..........
................@o.........#
.#..................#....##.
.#)........................
..#........................
.##)..............$......#.
##.#)..#......#...#..#....
#....[#.......##.####....
....)..#....[[[...# ..
............[<##.##


You could see an orc warlord (strong, ally target), an orc knight (strong), an
orc high priest (strong) and a friendly ynoxinul (summoned).

Vanquished Creatures
  An ironbound thunderhulk (D:13)
  2 hydras (Lair:2)
  A vault guard (D:13)
  2 boulder beetles
  A two-headed ogre (D:11)
  Urug (Lair:2)
  An obsidian bat (Orc:2)
  A manticore (Lair:3)
  3 orc knights (Orc:2)
  A cyclops (D:11)
  5 centaur zombies (D:10)
  A black mamba (Lair:1)
  4 cane toads
  Joseph (D:9)
  4 komodo dragons
  A rime drake (shapeshifter) (D:13)
  A gargoyle (D:13)
  3 unseen horrors
  2 rime drakes
  An efreet (D:13)
  3 unseen horror zombies (D:10)
  2 kobold demonologists
  2 ice devils (D:11)
  Prince Ribbit (D:9)
  3 trolls
  5 blink frogs
  A wind drake (Lair:3)
  37 yaks
  3 wraiths
  12 humans
  4 vampire mosquitoes (D:13)
  A basilisk (Lair:1)
  4 wyverns
  2 steam dragons
  2 wargs (Orc:2)
  2 nagas (Lair:3)
  9 water moccasins
  An acid dragon (D:11)
  21 orc warriors
  A sky beast (D:7)
  An ice beast (D:6)
  A black bear (Lair:2)
  A wolf (Lair:1)
  4 ogres
  16 centaurs
  2 phantoms
  3 gnoll sergeants
  7 bullfrogs
  A kobold brigand (D:7)
  6 scorpions
  4 wights (D:10)
  4 killer bees
  4 electric eels (D:6)
  3 howler monkeys
  2 bombardier beetles
  A hound (shapeshifter) (D:13)
  6 hounds
  10 orc priests
  3 jellies
  Jessica (D:11)
  3 iguanas
  28 orc wizards
  8 hell rats (Lair:1)
  3 howler monkey zombies (D:10)
  20 gnolls
  9 adders
  16 river rats (Lair:1)
  A white imp (D:7)
  4 ufetubi
  2 ribbon worms
  4 dart slugs
  80 orcs
  7 endoplasms
  6 giant cockroaches
  10 goblins
  3 hobgoblins
  7 jackals
  13 kobolds
  10 quokkas
  7 ball pythons
  8 bats
  A frilled lizard (D:3)
  23 rats
506 creatures vanquished.

Vanquished Creatures (collateral kills)
  Harold (D:9)
  A two-headed ogre (D:12)
  A troll (Orc:2)
  2 orc warriors (Orc:2)
5 creatures vanquished.

Grand Total: 511 creatures vanquished

Notes
Turn   | Place    | Note
-------+----------+-------------------------------------------
     0 | D:1      | ParallaxScroll the Mountain Dwarf Fighter began the quest
                  | for the Orb.
     0 | D:1      | Reached XP level 1. HP: 19/19 MP: 1/1
   144 | D:1      | Reached skill level 3 in Axes
   217 | D:1      | Reached XP level 2. HP: 25/26 MP: 2/2
   304 | D:1      | Found Elown's Antique Weapon Shoppe.
   314 | D:1      | Found Lyfeffol's Jewellery Emporium.
   459 | D:1      | Reached skill level 4 in Axes
   735 | D:1      | Found Yplag's Jewellery Emporium.
  1069 | D:2      | Reached XP level 3. HP: 27/31 MP: 3/3
  1529 | D:2      | Reached skill level 5 in Axes
  1535 | D:2      | Found a faded altar of an unknown god.
  1769 | D:2      | Reached XP level 4. HP: 38/38 MP: 4/4
  1928 | D:3      | Found Zuvop's Armour Boutique.
  2054 | D:3      | Reached skill level 6 in Axes
  2080 | D:3      | Reached XP level 5. HP: 10/46 MP: 5/5
  2291 | D:3      | Reached skill level 7 in Axes
  2372 | D:3      | Reached XP level 6. HP: 48/52 MP: 6/6
  2638 | D:3      | Found a snail-covered altar of Cheibriados.
  3397 | D:3      | Reached skill level 8 in Axes
  3423 | D:4      | Found Baxierux's Jewellery Emporium.
  3473 | D:4      | Found a staircase to the Ecumenical Temple.
  3487 | Temple   | Entered the Ecumenical Temple
  3502 | Temple   | Became a worshipper of Makhleb the Destroyer
  3592 | D:4      | Found a radiant altar of Vehumet.
  3592 | D:4      | Found a white marble altar of Elyvilon.
  3636 | D:4      | Found a shadowy altar of Dithmenos.
  3668 | D:4      | Found an opulent altar of Gozag.
  3684 | D:4      | Found a broken altar of Ashenzari.
  3939 | D:5      | Entered Level 5 of the Dungeon
  3947 | D:4      | Reached skill level 1 in Dodging
  3947 | D:4      | Reached skill level 1 in Evocations
  4115 | D:5      | Reached skill level 5 in Fighting
  4115 | D:5      | Reached XP level 7. HP: 61/61 MP: 7/7
  4559 | D:5      | Reached skill level 1 in Throwing
  4559 | D:5      | Reached skill level 5 in Armour
  4651 | D:4      | Reached * piety under Makhleb
  5072 | D:6      | Reached XP level 8. HP: 69/69 MP: 9/9
  5374 | D:6      | Found Piose's Armour Shoppe.
  5448 | D:6      | Reached skill level 9 in Axes
  6521 | D:7      | Reached XP level 9. HP: 70/75 MP: 11/11
  6834 | D:6      | Reached ** piety under Makhleb
  6853 | D:7      | Reached skill level 10 in Axes
  7463 | D:7      | Reached skill level 5 in Invocations
  7558 | D:7      | Found a blossoming altar of Fedhas.
  7605 | D:7      | Found a shimmering blue altar of Sif Muna.
  7992 | D:3      | Bought the +2 buckler of Suus {Rampage rElec Regen+ Stlth+}
                  | for 375 gold pieces
  8572 | D:7      | Found a blossoming altar of Fedhas.
  8933 | D:7      | Found a shimmering blue altar of Sif Muna.
  9393 | D:8      | Found a bloodstained altar of Trog.
  9675 | D:8      | Reached *** piety under Makhleb
  9870 | D:8      | Found a roughly hewn altar of Beogh.
 10082 | D:8      | Found a sacrificial altar of Ru.
 10445 | D:9      | Found a hazy altar of Hepliaklqana.
 10557 | D:9      | Noticed Prince Ribbit
 10568 | D:9      | Killed Prince Ribbit
 10569 | D:9      | Reached XP level 10. HP: 72/91 MP: 15/15
 10712 | D:9      | You fall into a shaft and drop 3 floors!
 10741 | D:12     | Noticed a two-headed ogre
 10749 | D:12     | Killed a two-headed ogre
 10750 | D:12     | Reached skill level 11 in Axes
 10836 | D:11     | Reached skill level 12 in Axes
 10982 | D:11     | Noticed Jessica
 11004 | D:11     | Reached skill level 13 in Axes
 11024 | D:11     | Killed Jessica
 11109 | D:11     | Reached skill level 14 in Axes
 11162 | D:11     | Reached **** piety under Makhleb
 11219 | D:11     | Reached XP level 11. HP: 97/97 MP: 17/17
 11382 | D:11     | Noticed a two-headed ogre
 11389 | D:11     | Killed a two-headed ogre
 11411 | D:10     | Entered Level 10 of the Dungeon
 11447 | D:9      | Noticed Joseph
 11463 | D:9      | Killed Joseph
 12008 | D:9      | Noticed Harold
 12019 | D:9      | Killed Harold
 12020 | D:9      | Reached skill level 10 in Invocations
 12053 | D:10     | Identified the +4 kite shield "Yfe Rar" {Int+2}
 12305 | D:3      | Bought a +0 cloak for 54 gold pieces
 12305 | D:3      | Bought a +2 pair of boots for 198 gold pieces
 12630 | D:10     | Found a basalt altar of Yredelemnul.
 12911 | D:10     | Found a staircase to the Lair.
 12917 | D:10     | Found an iron altar of Okawaru.
 12933 | D:10     | Reached skill level 15 in Axes
 13119 | D:10     | Found a glowing silver altar of Zin.
 13314 | D:10     | Reached skill level 16 in Axes
 13394 | D:10     | Found a staircase to the Orcish Mines.
 13782 | D:11     | Reached ***** piety under Makhleb
 13953 | D:11     | Upgraded the game from 0.32-a0-913-g739538afd8 to
                  | 0.32-a0-918-g0f22ef8d61
 14133 | D:12     | Reached XP level 12. HP: 104/104 MP: 21/21
 14698 | Lair:1   | Entered Level 1 of the Lair of Beasts
 15550 | Lair:1   | Reached skill level 15 in Invocations
 15805 | Lair:1   | Upgraded the game from 0.32-a0-918-g0f22ef8d61 to
                  | 0.32-a0-921-g04a7ad8e02
 15904 | Lair:2   | Noticed a seven-headed hydra
 16087 | Lair:2   | Noticed Urug
 16104 | Lair:2   | Killed Urug
 16121 | Lair:2   | Noticed a six-headed hydra
 16136 | Lair:2   | Killed a six-headed hydra
 16226 | Lair:2   | Killed a seven-headed hydra
 16523 | Lair:2   | Identified the +1 pair of boots of Impatience {rPois}
 16639 | Lair:2   | Reached skill level 5 in Polearms
 17963 | Lair:3   | Noticed a boulder beetle
 17977 | Lair:3   | Killed a boulder beetle
 18140 | Lair:3   | Found a staircase to the Shoals.
 18274 | Lair:3   | Found a staircase to the Snake Pit.
 18634 | Lair:3   | Reached XP level 13. HP: 80/111 MP: 24/24
 19151 | Lair:3   | Upgraded the game from 0.32-a0-921-g04a7ad8e02 to
                  | 0.32-a0-928-g1cae6b7ea0
 19224 | Lair:4   | Noticed Rupert
 19769 | D:13     | Noticed an ironbound thunderhulk
 19777 | D:13     | Killed an ironbound thunderhulk
 19997 | D:4      | Bought an amulet of guardian spirit for 300 gold pieces
 20422 | Orc:1    | Entered Level 1 of the Orcish Mines
 20533 | Orc:2    | Entered Level 2 of the Orcish Mines
 20753 | Orc:2    | Reached skill level 10 in Polearms
 20997 | Orc:2    | Found Pelodwih's Antique Armour Boutique.
 21106 | Orc:1    | Found a runed translucent door.
 21106 | Orc:1    | Noticed Meogie's ghost (journeyman MiBe)
 21126 | Orc:2    | Reached ****** piety under Makhleb
 21390 | D:1      | Bought a ring of see invisible for 150 gold pieces
 21625 | Orc:2    | Found Seadd's Book Shop.
 21706 | Orc:2    | Found a staircase to the Elven Halls.
 21770 | Orc:2    | Noticed an orc warlord
 21787 | Orc:2    | Killed from afar by an orc high priest

Illustrated notes

Levels and vault maps discovered:
D:1:      lightli_arrival_farm, layout_loops_corners, serial_shops,
          nicolae_shop_gaudy_bauble, nicolae_shop_crystal,
          nicolae_shop_temple_entry_statues_fountains, minmay_misc_feat_cross,
          hangedman_decor_riveting, kennysheep_nondescript
D:2:      layout_loops_ring, ebering_ecumenical_altar_rust
D:3:      layout_basic, slow_altar_2, serial_shops, shop
D:4:      layout_rooms, lemuel_crystal_altar, grunt_dithmenos_smoke_and_mirrors,
          ashenzari_conservatory_becter, grunt_temple_overflow_open,
          minmay_temple_entry_gardened_gates, serial_shops, nicolae_shop_trees
D:5:      layout_rooms
D:6:      layout_basic, serial_bayou, serial_bayou_lake_a, serial_bayou_ford_a,
          serial_bayou_pond_d, serial_bayou_crossing, serial_shops,
          nicolae_shop_tiny_real_fake_doors, small_statue_intersection,
          ebering_dispersal_statue_hall
D:7:      layout_gridville, lemuel_coloured_pillars_altar,
          general_overflow_altar, minmay_misc_feat_diagonals
D:8:      layout_cave_pools, marbit_many_paths, mainiacjoe_overflow_boulevard,
          special_room [special_room_orc], minmay_tree_intersection
D:9:      layout_loops_ring, mainiacjoe_overflow_24_doors, uniq_prince_ribbit1,
          uniq_harold, uniq_joseph
D:10:     layout_roguey, nicolae_yredelemnul_corpse_copse, okawaru_humans,
          zin_academy, david_orc_4
D:11:     erik_cavepeople, layout_loops_ring, portal_ice_cave_demonic_guard
D:12:     layout_loops_ring, grunt_decor_one_mirror
D:13:     layout_rooms, hellmonk_vaults_keyhole, nicolae_houndstooth_variations,
          uniq_jorgrun
Temple:   hellmonk_temple_forest_ring
Lair:1:   lemuel_ratsnest, layout_gridlike, infiniplex_staircase_pool_2,
          grunt_megastairs_5
Lair:2:   minmay_lair_oklob_chamber, layout_cave_pods, lemuel_fruit_tree,
          uniq_urug
Lair:3:   layout_roguey, minmay_shoals_entry_beasts,
          guppyfry_snake_entry_garden, nzn_sisyphean_effort
Lair:4:   layout_hall_layers, minmay_slime_entry_pillars,
          ebering_ghost_inner_flame, uniq_rupert
Orc:1:    layout_caves, gammafunk_ghost_grave, serial_shops, shop,
          uniq_josephine
Orc:2:    grunt_orc_gardens, layout_caves, grunt_orc_garden, grunt_orc_garden,
          grunt_orc_garden, grunt_orc_garden, special_room

Skill      XL: |  1  2  3  4  5  6  7  8  9 10 11 12 13 |
---------------+----------------------------------------+-----
Axes           | 3 4 5 6 7 8 9 10 14 16 | 16.0
Fighting       | 4 5 6 9 |  9.0
Dodging        | 1 2 3 |  3.0
Evocations     | 1 2 3 4 |  4.0
Armour         | 5 6 |  6.0
Throwing       | 1 2 |  2.0
Invocations    | 2 3 6 8 12 15 | 15.7
Polearms       | 6 10 | 10.8
Shields        | |  3.2

Action                     |  1- 3 |  4- 6 |  7- 9 | 10-12 | 13-15 || total
---------------------------+-------+-------+-------+-------+-------++-------
  Melee: War axe           |   164 |   219 |   440 |       |    12 ||   835
         Hand axe          |       |       |    20 |   761 |     3 ||   784
         Demon trident     |       |       |       |    89 |   307 ||   396
         Spear             |       |       |       |       |    12 ||    12
  Throw: Dart              |       |       |    40 |    17 |    12 ||    69
         Stone             |       |       |    17 |     5 |       ||    22
         Boomerang         |       |       |     4 |     3 |       ||     7
 Invoke: Minor Destruction |       |       |    34 |   218 |    89 ||   341
         Lesser Servant of |       |       |       |     3 |     3 ||     6
         Major Destruction |       |       |       |     1 |       ||     1
  Evoke: Wand              |       |       |     2 |     1 |       ||     3
    Use: Potion            |       |     2 |     1 |       |     2 ||     5
         Scroll            |       |       |     8 |     1 |       ||     9
   Stab: Distracted        |       |       |       |       |     1 ||     1
 Armour: Scale mail        |   114 |    30 |       |       |       ||   144
         Chain mail        |       |   125 |    52 |       |       ||   177
         Plate armour      |       |       |    82 |       |       ||    82
         Ring mail         |       |       |   259 |   426 |   214 ||   899
  Dodge: Dodged            |    67 |    58 |   195 |   235 |   107 ||   662
  Block: Buckler           |    30 |    27 |   104 |   129 |    73 ||   363

Table legend: (Time is in decaauts)
 A = Elapsed time spent in this place.
 B = Non-inter-level travel time spent in this place.
 C = Inter-level travel time spent in this place.
 D = Time resting spent in this place.
 E = Time spent auto-exploring this place.
 F = Levels seen in this place.
 G = Mean time per level.
                   A        B        C        D        E       F      G
               +--------+--------+--------+--------+--------+-----+--------+
         Total |  21674 |  18397 |   3277 |   3200 |  10942 |  20 | 1083.7 |
       Dungeon |  16148 |  13569 |   2579 |   2565 |   7784 |  13 | 1242.2 |
        Temple |     30 |      1 |     29 |      0 |      0 |   1 |   30.0 |
          Lair |   4612 |   4085 |    527 |    382 |   2982 |   4 | 1153.0 |
  Orcish Mines |    881 |    740 |    141 |    252 |    175 |   2 |  440.5 |
               +--------+--------+--------+--------+--------+-----+--------+

Top non-repeatable levels by time:
     D:7: 2595 daAuts
     D:6: 2111 daAuts
  Lair:2: 2107 daAuts
     D:3: 1659 daAuts
    D:10: 1382 daAuts
  Lair:3: 1330 daAuts
     D:5: 1292 daAuts
    D:11: 1173 daAuts
     D:1: 1129 daAuts
  Lair:1: 1123 daAuts
    D:12: 955 daAuts
     D:4: 876 daAuts
     D:9: 871 daAuts
     D:2: 866 daAuts
     D:8: 827 daAuts
